 Dungeon Crawl Stone Soup version 0.30-a0-808-g6e0788376e (webtiles) character file.

Game seed: 7474306912898377796

26737 Lobster4 the Grappler (level 13, -2/186 HPs)
             Began as a Troll Gladiator on Feb 24, 2023.
             Was an Elder of Wu Jian.
             Slain by an eight-headed hydra (8 damage)
             ... on level 2 of the Lair of Beasts on Feb 25, 2023.
             The game lasted 00:53:07 (14205 turns).

Lobster4 the Grappler (Troll Gladiator)            Turns: 14205, Time: 00:53:08

Health: -2/186     AC: 36    Str: 31    XL:     13   Next: 0%
Magic:  16/16      EV:  1    Int: 14    God:    Wu Jian [****..]
Gold:   2552       SH: 19    Dex: 11    Spells: 14/18 levels left

rFire   . . .      SeeInvis .    q - +0 mace (protect)
rCold   . . .      Faith    .    I - +1 tower shield {AC+3}
rNeg    . . .      Spirit   .    (body armour currently unavailable)
rPois   +          Reflect  +    (helmet currently unavailable)
rElec   .          Harm     .    (cloak currently unavailable)
rCorr   .          Rampage  .    (gloves unavailable)
Will    .....      NoTele   +    (boots unavailable)
Stlth   +                        y - amulet of reflection
HPRegen 1.31/turn                v - +6 ring of intelligence
MPRegen 0.15/turn                H - +6 ring of strength

@: tree-form, under a protective aura
A: stationary, stasis, torment immunity, boosted hp, large, unfitting armour,
(claws 3), regeneration 1, (shaggy fur 1), (tough skin 1)
a: Renounce Religion, Wall Jump, Serpent's Lash


You were on level 2 of the Lair of Beasts.
You worshipped Wu Jian.
Wu Jian was greatly pleased with you.
You were a tree.
You visited 3 branches of the dungeon, and saw 14 of its levels.
You also visited: Bailey.

You collected 2552 gold pieces.

Inventory:

Hand Weapons
 f - a +0 dire flail
 p - a +0 giant spiked club
 q - a +0 mace of protection (weapon)
 u - a +2 mace of draining
 w - a +2 antimagic shortbow
 E - a +0 sling
 J - the +7 mace of Variability {chaos, chain chaos}
   (You found it on level 10 of the Dungeon)
 W - the +11 falchion of Bread {heavy, rElec rC+}
   (You found it on level 1 of the Lair of Beasts)

   rC:        It protects you from cold.
   rElec:     It insulates you from electricity.
Missiles
 c - 2 throwing nets
 d - 12 large rocks
 j - 39 poisoned darts
 r - 7 javelins
 x - 13 boomerangs (quivered)
 X - 2 curare-tipped darts
Armour
 b - a +1 hat (melded)
 l - a +0 cloak (melded)
 m - a +0 kite shield
 I - a +1 tower shield of protection (worn)
 K - the +1 robe of Surprise (melded) {rElec rN+}
   (You found it on level 9 of the Dungeon)

   rElec:     It insulates you from electricity.
   rN:        It protects you from negative energy.
Magical Staves
 A - a staff of fire
Jewellery
 h - an amulet of regeneration
 o - a ring of ice
 v - a +6 ring of intelligence (left branch)
 y - an amulet of reflection (around neck)
 G - a ring of fire
 H - a +6 ring of strength (right branch)
 O - a ring of resist corrosion
Wands
 g - a wand of mindburst (13)
 C - a wand of flame (49)
 F - a wand of paralysis (9)
 L - a wand of iceblast (6)
 T - a wand of light (5)
Scrolls
 k - 6 scrolls of fog
 z - a scroll of silence
 B - 5 scrolls of enchant weapon
 N - a scroll of magic mapping
 R - a scroll of identify
 S - a scroll of torment
 U - a scroll of butterflies {unknown}
 V - a scroll of amnesia
Potions
 a - a potion of degeneration {unknown}
 e - 8 potions of curing
 i - a potion of might
 s - 5 potions of flight
 t - a potion of brilliance
 D - 2 potions of lignification
 M - a potion of attraction {unknown}
 P - a potion of cancellation
 Q - a potion of magic {unknown}


   Skills:
 + Level 7.0 Fighting
 + Level 7.0 Maces & Flails
 + Level 7.5 Throwing
 + Level 6.2 Armour
 + Level 7.3 Dodging
 + Level 5.3 Shields
 + Level 8.8 Unarmed Combat
 - Level 3.0 Spellcasting
 + Level 3.0 Conjurations
 - Level 3.0 Hexes
 - Level 3.0 Evocations


You had 14 spell levels left.
You knew the following spells:

 Your Spells              Type           Power      Damage    Failure   Level
a - Magic Dart            Conj           40%        1d5       34%         1
b - Dazzling Flash        Conj/Hex       20%        N/A       73%         3

Your spell library contained the following spells:

 Spells                   Type           Power      Damage    Failure   Level
 Call Imp                 Summ           2%         N/A       88%         2
 Inner Flame              Hex/Fire       6%         N/A       90%         3
 Mephitic Cloud           Conj/Pois/Air  4%         N/A       94%         3
 Frozen Ramparts          Ice            4%         1d1       98%         3
 Kindle Blastsparks       Fire/Tloc/Air  4%         2d10      98%         3
 Cause Fear               Hex            5%         N/A       98%         4
 Fulminant Prism          Conj/Hex       5%         3d7       98%         4
 Ice Form                 Ice/Tmut       2%         N/A       100%        4
 Iskenderun's Mystic Bla  Conj/Tloc      6%         2d4       100%        4
 Summon Ice Beast         Ice/Summ       2%         N/A       100%        4
 Agony                    Necr           2%         N/A       100%        5
 Lee's Rapid Deconstruct  Erth           1%         3d4*      100%        5
 Silence                  Hex/Air        3%         N/A       100%        5
 Starburst                Conj/Fire      3%         6d3       100%        6
 Discord                  Hex            5%         N/A       100%        8


Dungeon Overview and Level Annotations

Branches:
Dungeon (11/15)            Temple (1/1) D:6            Lair (2/5) D:11
 Bailey (visited)
  Swamp: Lair:2-3    Shoals: Lair:2-3     Snake: Lair:2-3    Spider: Lair:2-3
    Orc: D:9-12

Altars:
Ashenzari
Cheibriados
Dithmenos
Elyvilon
Fedhas
Gozag
Hepliaklqana
Kikubaaqudgha
Makhleb
Nemelex Xobeh
Okawaru
Qazlal
Ru
Sif Muna
Trog
Uskayaw
Vehumet
Wu Jian
Xom
Yredelemnul
Zin
The Shining One


Innate Abilities, Weirdness & Mutations

You are a tree.
Your roots penetrate the ground, keeping you stationary.
You cannot be teleported.
You are immune to unholy pain and torment.
Your maximum health is greatly increased.
Your equipment is partially melded.
You are too large for most types of armour.
((You have claws for hands.))
Your natural rate of healing is unusually fast.
((You are covered in fur. (AC +1)))
((You have tough skin. (AC +1)))


Message History

You barely miss the eight-headed hydra.
The eight-headed hydra is moderately wounded.
You block the eight-headed hydra's attack. x2
The eight-headed hydra bites you.
* * * LOW HITPOINT WARNING * * *
The eight-headed hydra bites you but does no damage. x5
You sock the eight-headed hydra!
Your weapon exudes an aura of protection.
The eight-headed hydra is heavily wounded.
The eight-headed hydra bites you but does no damage. x3
The eight-headed hydra bites you!
* * * LOW HITPOINT WARNING * * *
The eight-headed hydra bites you.
* * * LOW HITPOINT WARNING * * *
You block the eight-headed hydra's attack.
The eight-headed hydra bites you but does no damage.
You block the eight-headed hydra's attack.
The eight-headed hydra bites you!
* * * LOW HITPOINT WARNING * * *
You block the eight-headed hydra's attack.
The eight-headed hydra bites you but does no damage. x3
You block the eight-headed hydra's attack.
The eight-headed hydra bites you but does no damage.
The eight-headed hydra bites you!
* * * LOW HITPOINT WARNING * * *
You hit the eight-headed hydra.
The eight-headed hydra is heavily wounded.
The eight-headed hydra bites you but does no damage.
You block the eight-headed hydra's attack.
The eight-headed hydra bites you but does no damage.
You block the eight-headed hydra's attack.
The eight-headed hydra bites you but does no damage. x3
The eight-headed hydra bites you.
* * * LOW HITPOINT WARNING * * *
You thump the eight-headed hydra!
The eight-headed hydra is severely wounded.
The eight-headed hydra bites you but does no damage.
You block the eight-headed hydra's attack.
The eight-headed hydra bites you!
You die...

### ##### #####
..#######.###.#.####.##.
........................
......D♣................
........................
........######.#........
.......## ####.......
##..... #P.......
..#.).. ##....... .
..... ....P.### .#....
.....# ....#


You could see an eight-headed hydra.

Vanquished Creatures
  A catoblepas (D:11)
  3 centaur warriors (D:10)
  5 two-headed ogres
  3 death yaks (D:10)
  A boulder beetle (D:10)
  Urug (Lair:2)
  Amaemon (D:11)
  2 orc knights (Bailey)
  2 deep elf pyromancers (D:11)
  A wolf spider (D:11)
  2 ugly things (D:10)
  2 cyclopes (D:10)
  A manticore (D:10)
  A black mamba (Lair:2)
  2 gargoyles (D:11)
  2 cane toads (Lair:1)
  An orange demon (D:10)
  A komodo dragon (D:10)
  A rime drake (Lair:1)
  An unseen horror (D:11)
  An efreet (D:10)
  A tengu conjurer (D:10)
  A kobold demonologist (D:10)
  2 trolls (D:11)
  Grinder (D:5)
  A shadow (D:11)
  3 wraiths (D:10)
  18 yaks
  A wyvern (Lair:1)
  A steam dragon (D:6)
  A vampire mosquito (D:10)
  2 acid dragons (D:9)
  4 water moccasins
  An ice beast (D:6)
  A black bear (shapeshifter) (D:10)
  2 black bears
  A sky beast (D:6)
  4 wolves (Lair:1)
  An ogre (D:10)
  11 orc warriors
  A boggart (D:10)
  4 centaurs
  3 phantoms
  4 kobold brigands
  8 bullfrogs
  2 scorpions
  2 gnoll sergeants (D:8)
  3 necrophages
  7 wights (D:8)
  5 killer bees
  5 howler monkeys (D:8)
  An electric eel (D:7)
  A centaur zombie (D:5)
  A quasit (D:4)
  2 hounds
  A gnoll bouda (D:7)
  8 orc priests
  4 jellies
  4 iguanas
  Ijyb (D:5)
  A hell rat (D:11)
  12 orc wizards
  A scorpion zombie (D:5)
  A hound skeleton (D:5)
  2 howler monkey zombies (D:5)
  10 gnolls
  5 adders
  2 river rats (D:11)
  2 shadow imps
  4 white imps
  5 ufetubi
  A worm (D:4)
  3 dart slugs
  72 orcs
  11 ball pythons
  7 endoplasms
  4 giant cockroaches
  9 goblins
  5 hobgoblins
  12 jackals
  3 quokkas
  5 bats
  4 frilled lizards
  26 kobolds
  6 rats
372 creatures vanquished.

Vanquished Creatures (others)
  A polar bear (shapeshifter) (D:11)
  An orc wizard (D:11)
  2 demonic plants (D:4)
  4 fungi (Lair:2)
  9 plants
  A withered plant (D:5)
18 creatures vanquished.

Grand Total: 390 creatures vanquished

Notes
Turn   | Place    | Note
-------+----------+-------------------------------------------
     0 | D:1      | Lobster4 the Troll Gladiator began the quest for the Orb.
     0 | D:1      | Reached XP level 1. HP: 19/19 MP: 0/0
    85 | D:1      | Reached XP level 2. HP: 26/28 MP: 1/1
    96 | D:1      | Learned a level 1 spell: Magic Dart
   561 | D:2      | Reached XP level 3. HP: 33/35 MP: 2/2
   680 | D:2      | Reached skill level 1 in Armour
   718 | D:2      | Reached XP level 4. HP: 40/42 MP: 3/3
  1766 | D:3      | Reached skill level 1 in Conjurations
  1766 | D:3      | Reached XP level 5. HP: 41/49 MP: 5/5
  1905 | D:3      | Found a faded altar of an unknown god.
  2173 | D:4      | Reached skill level 1 in Maces & Flails
  2208 | D:4      | Reached skill level 1 in Spellcasting
  2351 | D:4      | Noticed a phantom
  2358 | D:4      | Killed a phantom
  2359 | D:4      | Reached XP level 6. HP: 56/58 MP: 6/6
  2528 | D:4      | Reached skill level 1 in Evocations
  2901 | D:4      | You fall into a shaft and drop 1 floor!
  2901 | D:5      | Entered Level 5 of the Dungeon
  2931 | D:5      | Reached XP level 7. HP: 66/66 MP: 6/8
  3475 | D:5      | Reached skill level 4 in Unarmed Combat
  3999 | D:5      | Noticed Ijyb
  4008 | D:5      | Killed Ijyb
  4179 | D:5      | Noticed Grinder
  4180 | D:5      | Paralysed by Grinder for 2 turns
  4201 | D:5      | Killed Grinder
  4202 | D:5      | Reached XP level 8. HP: 57/75 MP: 9/9
  4399 | D:6      | Noticed a blizzard demon
  4400 | D:6      | Found a burning altar of Makhleb.
  4587 | D:6      | Found a glowing silver altar of Zin.
  4587 | D:6      | Noticed an angel
  4806 | D:6      | Found a staircase to the Ecumenical Temple.
  4825 | Temple   | Entered the Ecumenical Temple
  5249 | D:6      | Reached XP level 9. HP: 83/83 MP: 11/11
  5343 | D:6      | Found a hide-covered altar of Uskayaw.
  5458 | D:7      | Reached skill level 5 in Unarmed Combat
  5521 | D:7      | Found a flagged portal.
  5544 | Bailey   | Entered a bailey
  5807 | Bailey   | Noticed an orc knight
  5963 | Bailey   | Killed an orc knight
  6052 | Bailey   | Noticed an orc knight
  6081 | Bailey   | Killed an orc knight
  6147 | Bailey   | Identified the +10 plate armour "Zomyd" {rPois rC+ rCorr}
  6717 | D:7      | Found a sacrificial altar of Ru.
  6774 | D:7      | Found an ornate altar of the Wu Jian Council.
  6783 | D:7      | Became a worshipper of the Wu Jian Council
  6945 | D:8      | Reached XP level 10. HP: 93/94 MP: 13/13
  7079 | D:8      | Reached skill level 1 in Shields
  7100 | D:8      | Reached skill level 6 in Unarmed Combat
  7473 | D:8      | Reached * piety under Wu Jian
  7674 | D:8      | Found a broken altar of Ashenzari.
  7676 | D:8      | Reached skill level 5 in Throwing
  7967 | D:9      | Noticed a two-headed ogre
  7983 | D:9      | Reached skill level 5 in Dodging
  8023 | D:9      | Killed a two-headed ogre
  8139 | D:9      | Identified the +1 robe of Surprise {rElec rN+}
  8280 | D:9      | Reached skill level 5 in Fighting
  8396 | D:9      | Found an ancient bone altar of Kikubaaqudgha.
  8694 | D:9      | Reached skill level 5 in Maces & Flails
  8735 | D:10     | Entered Level 10 of the Dungeon
  8933 | D:10     | Reached ** piety under Wu Jian
  9110 | D:10     | Found the +7 mace of Variability {chaos, chain chaos}
  9130 | D:10     | Reached XP level 11. HP: 47/104 MP: 14/14
  9239 | D:10     | Found a hazy altar of Hepliaklqana.
  9289 | D:10     | Learned a level 3 spell: Dazzling Flash
  9529 | D:10     | Reached skill level 5 in Armour
  9541 | D:10     | Reached skill level 7 in Unarmed Combat
  9979 | D:11     | Noticed a two-headed ogre
  9979 | D:11     | Noticed a deep elf pyromancer
  9979 | D:11     | Noticed a two-headed ogre
  9996 | D:10     | Killed a two-headed ogre
  9997 | D:10     | Reached skill level 1 in Hexes
 10066 | D:11     | Noticed a death yak
 10066 | D:11     | Noticed a boulder beetle
 10070 | D:11     | Noticed a centaur warrior
 10147 | D:11     | Noticed a centaur warrior
 10151 | D:11     | Noticed a deep elf pyromancer
 10154 | D:11     | Noticed a centaur warrior
 10273 | D:11     | Noticed a white ugly thing
 10465 | D:11     | Noticed a red ugly thing
 10593 | D:10     | Killed a centaur warrior
 10888 | D:10     | Found a hazy altar of Hepliaklqana.
 11047 | D:10     | Killed a white ugly thing
 11211 | D:10     | Killed a two-headed ogre
 11463 | D:10     | Killed a centaur warrior
 11541 | D:10     | Killed a red ugly thing
 11666 | D:10     | Killed a centaur warrior
 11701 | D:10     | Killed a death yak
 11701 | D:10     | Reached *** piety under Wu Jian
 11795 | D:11     | Reached XP level 12. HP: 94/114 MP: 15/15
 11804 | D:11     | Noticed a catoblepas
 11824 | D:11     | Killed a catoblepas
 11844 | D:11     | Noticed a death yak
 12237 | D:11     | Reached skill level 8 in Unarmed Combat
 12343 | D:11     | Noticed a two-headed ogre
 12352 | D:11     | Killed a two-headed ogre
 12439 | D:10     | Killed a boulder beetle
 12440 | D:10     | Reached skill level 5 in Shields
 12473 | D:11     | Noticed a death yak
 12484 | D:11     | Noticed a two-headed ogre
 12494 | D:10     | Killed a two-headed ogre
 12526 | D:10     | Killed a death yak
 12535 | D:10     | Killed a death yak
 12821 | D:11     | Noticed Amaemon
 12825 | D:11     | Paralysed by Amaemon for 4 turns
 12841 | D:11     | Killed Amaemon
 12950 | D:11     | Found a staircase to the Lair.
 13169 | Lair:1   | Entered Level 1 of the Lair of Beasts
 13343 | Lair:1   | Upgraded the game from 0.30-a0-802-gb92711bcdf to
                  | 0.30-a0-808-g6e0788376e
 13377 | Lair:1   | Reached **** piety under Wu Jian
 13540 | Lair:1   | Identified the +11 falchion of Bread {heavy, rElec rC+}
 14028 | Lair:2   | Noticed Urug
 14097 | Lair:2   | Killed Urug
 14098 | Lair:2   | Reached XP level 13. HP: 82/124 MP: 16/16
 14203 | Lair:2   | HP: 6/186 [eight-headed hydra (10)]
 14205 | Lair:2   | Slain by an eight-headed hydra

Illustrated notes

Levels and vault maps discovered:
D:1:      lemuel_arrival_tunnels, layout_rooms, chequers_serial_rivers_micro_c
D:2:      layout_basic, minmay_pentomino_v2
D:3:      layout_loops_ring, basic_ecumenical_altar, chequers_avenue
D:4:      layout_basic, serial_demonic, serial_demonic_e, serial_demonic_d,
          serial_demonic_c, serial_demonic_f, st_stairs_13
D:5:      cheibrodos_helix_gallery, layout_basic, serial_undead,
          serial_undead_f, serial_undead_f, serial_undead_f, serial_undead_c,
          uniq_ijyb, uniq_grinder
D:6:      layout_cave_pools, nicolae_uskayaw_suspiria,
          grunt_temple_overflow_order_and_chaos_2, minmay_temple_entry_hall
D:7:      layout_loops_cross, nzn_wu_jian_contemplation, kennysheep_mini_moat,
          enter_bailey_2, minivault_27, serial_bayou_pond_c
D:8:      layout_loops_ring, nicolae_ashenzari_skybound,
          minmay_fractal_squares_gapless_5
D:9:      layout_roguey, mainiacjoe_overflow_surrounded_room
D:10:     layout_roguey [special_room_orc], general_overflow_altar,
          minmay_tree_intersection
D:11:     minmay_the_grid_square_5x5_4x4_mashed
          [minmay_the_grid_square_5x5_plus,
          minmay_the_grid_square_5x5_doubleslash, minmay_the_grid_square_5x5_c,
          minmay_the_grid_square_5x5_sharp_hourglass,
          minmay_the_grid_square_5x5_empty,
          minmay_the_grid_square_5x5_prize_deathbox,
          minmay_the_grid_square_5x5_prize_junk,
          minmay_the_grid_square_5x5_inner_z,
          minmay_the_grid_square_5x5_hourglass,
          minmay_the_grid_square_5x5_prize_itemx,
          minmay_the_grid_square_5x5_prize_gold,
          minmay_the_grid_square_5x5_comb, minmay_the_grid_square_5x5_slash,
          minmay_the_grid_square_5x5_moneybag, minmay_the_grid_square_5x5_v,
          minmay_the_grid_square_5x5_half_checkered], layout_small_grid,
          dpeg_lair_monsters, hangedman_decor_points, uniq_amaemon
Temple:   nicolae_temple_bog_church
Lair:1:   layout_cave_shapes, grunt_megastairs_3
Lair:2:   layout_chaotic_city, gammafunk_ghost_icy, uniq_urug

Skill      XL: |  1  2  3  4  5  6  7  8  9 10 11 12 |
---------------+-------------------------------------+-----
Throwing       | 2 3 4 5 6 7 |  7.5
Armour         | 1 2 3 4 5 6 |  6.2
Fighting       | 2 3 4 5 6 7 |  7.0
Conjurations   | 1 2 3 |  3.0
Maces & Flails | 1 2 3 4 5 7 |  7.0
Spellcasting   | 1 2 3 |  3.0
Dodging        | 3 4 5 6 7 |  7.3
Evocations     | 1 2 3 |  3.0
Unarmed Combat | 4 5 6 7 8 |  8.8
Shields        | 3 4 5 |  5.3
Hexes          | 2 3 |  3.0

Action                     |  1- 3 |  4- 6 |  7- 9 | 10-12 | 13-15 || total
---------------------------+-------+-------+-------+-------+-------++-------
  Melee: Unarmed           |    86 |   207 |   294 |   670 |       ||  1257
         Punch             |       |     4 |    11 |    16 |       ||    31
         Mace              |       |       |       |       |    11 ||    11
  Throw: Stone             |     3 |     9 |       |       |       ||    12
         Boomerang         |       |     5 |    79 |    70 |       ||   154
         Dart              |       |       |    49 |    75 |       ||   124
         Throwing net      |       |       |     1 |     9 |       ||    10
         Large rock        |       |       |     1 |     9 |       ||    10
   Cast: Magic Dart        |       |       |     6 |    20 |       ||    26
Ability: Lunge             |       |       |     1 |    34 |       ||    35
         Whirlwind         |       |       |       |    10 |       ||    10
  Evoke: Wand              |       |       |     7 |     6 |       ||    13
    Use: Scroll            |     3 |    10 |     6 |    10 |       ||    29
         Potion            |       |       |     1 |     7 |     2 ||    10
   Stab: Paralysed         |       |       |     6 |     3 |       ||     9
         Sleeping          |       |       |     1 |       |       ||     1
 Armour: Robe              |    22 |    90 |    84 |   128 |    17 ||   341
         Skin              |       |       |       |       |    32 ||    32
  Dodge: Dodged            |    53 |   135 |   107 |   227 |    12 ||   534
  Block: Other             |       |       |    48 |    75 |     1 ||   124
         Reflection        |       |       |     1 |    12 |       ||    13
         Tower shield      |       |       |       |   234 |    40 ||   274

Table legend: (Time is in decaauts)
 A = Elapsed time spent in this place.
 B = Non-inter-level travel time spent in this place.
 C = Inter-level travel time spent in this place.
 D = Time resting spent in this place.
 E = Time spent auto-exploring this place.
 F = Levels seen in this place.
 G = Mean time per level.
                   A        B        C        D        E       F      G
               +--------+--------+--------+--------+--------+-----+--------+
         Total |  14227 |  13247 |    980 |   1233 |   8303 |  15 |  948.5 |
       Dungeon |  12374 |  11471 |    903 |   1123 |   7218 |  11 | 1124.9 |
        Temple |    172 |    159 |     13 |      0 |    150 |   1 |  172.0 |
          Lair |   1030 |    966 |     64 |     31 |    660 |   2 |  515.0 |
        Bailey |    649 |    649 |      0 |     78 |    275 |   1 |  649.0 |
               +--------+--------+--------+--------+--------+-----+--------+

Top non-repeatable levels by time:
    D:10: 3074 daAuts
    D:11: 1393 daAuts
     D:4: 1235 daAuts
     D:5: 968 daAuts
     D:9: 951 daAuts
     D:6: 912 daAuts
     D:8: 886 daAuts
     D:7: 868 daAuts
     D:3: 809 daAuts
  Lair:1: 781 daAuts
     D:2: 720 daAuts
  Bailey: 649 daAuts
     D:1: 555 daAuts
  Lair:2: 249 daAuts
  Temple: 172 daAuts
